 Dungeon Crawl Stone Soup version 0.25.0-41-g26779e291d (webtiles) character file.

Game seed: 17985238915333815164

22826 Shotagonist the Cleaver (level 12, -4/110 HPs)
             Began as a Minotaur Berserker on July 10, 2020.
             Was an Elder of Trog.
             Slain by a catoblepas (15 damage)
             ... on level 2 of the Lair of Beasts.
             The game lasted 02:28:30 (14724 turns).

Shotagonist the Cleaver (Minotaur Berserker)       Turns: 14724, Time: 02:28:31

Health: -4/110     AC: 15    Str: 28    XL:     12   Next: 66%
Magic:  0/13       EV: 11    Int:  4    God:    Trog [****..]
Gold:   1090       SH: 19    Dex: 11    Spells: 11/11 levels left

rFire    . . .     SeeInvis .   F - +2 hand axe (elec)
rCold    . . .     Gourm    .   i - +0 tower shield
rNeg     . . .     Faith    .   N - +4 scale mail
rPois    +         Spirit   +   (helmet restricted)
rElec    +         Reflect  .   v - +0 cloak
rCorr    .         Harm     .   (no gloves)
MR       .....                  q - +0 pair of boots
Stlth    ..........             m - amulet of guardian spirit
HPRegen  0.28/turn              G - ring of flight
MPRegen  0.13/turn              C - ring of poison resistance

@: about to teleport, berserk cooldown, slowed, very slow
A: retaliatory headbutt, horns 2, low mp 1, electricity resistance, strong 1
a: Berserk, Trog's Hand, Brothers in Arms, Renounce Religion, Evoke Flight


You were on level 2 of the Lair of Beasts.
You worshipped Trog.
Trog was greatly pleased with you.
You were hungry.

You visited 2 branches of the dungeon, and saw 16 of its levels.
You also visited: Ossuary.

You collected 1090 gold pieces.

Inventory:

Hand Weapons
 o - the +14 obsidian axe {vorpal, +Fly SInv *Curse}
   (Trog gifted it to you on level 2 of the Lair of Beasts)

   It inflicts extra damage upon your enemies.
   It lets you see invisible.
   It lets you fly.
   It curses itself when equipped.
 F - a +2 hand axe of electrocution (weapon)
 Q - a +0 war axe
Missiles
 d - 2 boomerangs (quivered)
 f - 395 stones
Armour
 e - a +0 chain mail
 i - a +0 tower shield (worn)
 q - a +0 pair of boots (worn)
 v - a +0 cloak (worn)
 N - a +4 scale mail (worn)
 O - a +2 buckler
 U - a +0 cloak
Jewellery
 a - an uncursed amulet of the acrobat {unknown}
 m - an amulet of guardian spirit (around neck)
 A - a cursed amulet of inaccuracy {unknown}
 C - a ring of poison resistance (right hand)
 G - a ring of flight (left hand)
 T - an uncursed ring of protection from cold {unknown}
 V - an uncursed ring of protection from cold {unknown}
Wands
 y - a wand of digging (3)
 D - a wand of polymorph (19)
 I - a wand of iceblast (9)
 R - a wand of clouds (6)
Scrolls
 n - 3 scrolls of teleportation
 p - 6 scrolls of enchant weapon
 r - 2 scrolls of noise
 z - a scroll of enchant armour
 B - a scroll of vulnerability
 E - 3 scrolls of immolation
 H - 2 scrolls of magic mapping
 K - 6 scrolls of amnesia
 S - 2 scrolls of remove curse {unknown}
 Y - a scroll of acquirement {unknown}
Potions
 g - 2 potions of might
 h - a potion of cancellation {unknown}
 j - a potion of flight
 k - a potion of stabbing {unknown}
 l - a potion of mutation
 s - 3 potions of curing
 u - 6 potions of brilliance
 w - 3 potions of degeneration
 J - a potion of haste
 M - a potion of resistance {unknown}
 P - a potion of berserk rage
Comestibles
 c - 21 rations
 t - 3 chunks of flesh


   Skills:
 * Level 11.5 Fighting
 * Level 13.4 Axes
 - Level 5.1 Throwing
 + Level 10.3 Armour
 + Level 7.5 Dodging
 - Level 1.2 Stealth
 + Level 10.6 Shields
 - Level 5.0 Evocations


You had 11 spell levels left.
You didn't know any spells.
Your spell library was empty.

Dungeon Overview and Level Annotations

Branches:
Dungeon (11/15)            Temple (0/1) D:6            Lair (5/6) D:9
  Swamp (0/4) Lair:2        Snake (0/4) Lair:4          Orc (0/2) D:10
Ossuary (visited)
  Slime: Lair:5-6

Altars:
Elyvilon
Fedhas
Gozag
Hepliaklqana
Kikubaaqudgha
Nemelex Xobeh
Okawaru
Ru
Sif Muna
Trog
Uskayaw
Wu Jian
Xom
Yredelemnul
The Shining One

Portals:
Volcano: Lair:4


Innate Abilities, Weirdness & Mutations

You reflexively headbutt those who attack you in melee.
You have a pair of horns on your head.
Your magical capacity is low. (-10% MP)
You are resistant to electric shocks. (rElec)
Your muscles are strong. (Str +2)


Message History

The catoblepas gores you but does no damage.
You block the catoblepas's attack.
The catoblepas breathes a plume of calcifying dust at you.
The blast of calcifying dust hits you.
* * * LOW HITPOINT WARNING * * *
The catoblepas misses you. You furiously retaliate!
You headbutt the catoblepas.
Your magical contamination has completely faded away.
You block the catoblepas's attack. You block the catoblepas's attack.
The catoblepas breathes a plume of calcifying dust at you.
The blast of calcifying dust hits you!
* * * LOW HITPOINT WARNING * * *
The catoblepas breathes a plume of calcifying dust at you.
The blast of calcifying dust hits the plant but does no damage.
The blast of calcifying dust hits you but does no damage.
The plant is engulfed in calcifying dust.
As you read the scroll of teleportation, it crumbles to dust.
You feel strangely unstable. The catoblepas gores you!!
You die...

##.####P....P...### #.###
##..##......)......##### ###.P.##
......##............#..###.......
##.##..#.#..#.#.#.......##..#.###
###..#..PP.##..#......>...#.##
##.##...<...§§........#...# #
##..#......##P§...........#### #
#P.....#...###Y§§............#
####...P..≈≈....@...##.........#.
..###....♣♣≈≈.♣♣♣..###..>.....###
..........♣♣≈.♣♣.♣.# #...........
...#.....♣♣≈≈♣♣...♣###.#.........
#.......♣♣.≈♣♣♣(.♣♣.###.....##..P
.........♣♣≈≈.♣..♣.♣##.##........
..........♣♣≈≈...♣..#.#.#........
#........♣♣..≈≈♣♣♣.....).....#.#.
#..##.....♣♣.≈≈♣♣..#P..###..#####


You could see a catoblepas.

Vanquished Creatures
  Harold (D:7)
  A hydra (D:9)
  2 two-headed ogres
  A centaur warrior (D:9)
  Nergalle (Lair:4)
  An ugly thing (D:11)
  4 elephants (Lair:3)
  A black mamba (Lair:4)
  5 spiny frogs
  2 gargoyles
  4 komodo dragons
  2 kobold demonologists (D:11)
  3 meliai (D:11)
  A troll (D:9)
  Grinder (D:3)
  2 bog bodies (Lair:2)
  5 hippogriffs
  16 yaks
  A wyvern (D:11)
  4 hogs (D:9)
  2 steam dragons
  A basilisk (Lair:2)
  A human (D:9)
  5 water moccasins
  Duvessa (D:7)
  4 porcupines (Lair:2)
  3 orc warriors
  An ice beast (D:10)
  3 sky beasts
  A black bear (D:10)
  3 centaurs
  10 crocodiles
  3 ogres
  4 big kobolds (D:11)
  Blork the orc (D:5)
  13 bullfrogs
  A water moccasin skeleton (D:8)
  3 scorpions
  Dowan (D:7)
  4 killer bees (D:7)
  5 howler monkeys
  5 crimson imps
  2 bullfrog zombies
  4 jellies
  3 hounds
  A centaur skeleton (D:4)
  6 orc priests
  A human zombie (Ossuary)
  7 orc wizards
  8 iguanas
  Ijyb (D:3)
  Natasha (D:2)
  4 worker ants
  3 big kobold zombies (Ossuary)
  3 hound zombies
  2 mummies (Ossuary)
  2 hound skeletons
  16 adders
  A shadow imp (D:5)
  3 oozes
  2 worms
  3 dart slugs
  6 leopard geckos
  23 orcs
  3 ball pythons
  8 bats
  A giant cockroach (D:3)
  19 goblins
  8 hobgoblins
  14 jackals
  2 quokkas
  4 frilled lizards
  2 gnoll zombies (D:7)
  2 goblin zombies (Ossuary)
  A hobgoblin zombie (Ossuary)
  12 kobolds
  3 leopard gecko skeletons
  7 orc zombies (Ossuary)
  6 rats
  2 rat zombies (D:7)
  2 fungi (Lair:2)
  A plant (Lair:2)
332 creatures vanquished.

Vanquished Creatures (collateral kills)
  2 hydras (Lair:2)
  A yak (Lair:2)
3 creatures vanquished.

Vanquished Creatures (others)
  A fungus (Lair:2)
  A plant (Lair:4)
2 creatures vanquished.

Grand Total: 337 creatures vanquished

Notes
Turn   | Place    | Note
-------+----------+-------------------------------------------
     0 | D:1      | Shotagonist the Minotaur Berserker began the quest for the
                  | Orb.
     0 | D:1      | Reached XP level 1. HP: 19/19 MP: 0/0
   223 | D:1      | Reached skill level 4 in Axes
   223 | D:1      | Reached XP level 2. HP: 27/27 MP: 1/1
   982 | D:2      | Reached XP level 3. HP: 27/33 MP: 2/2
  1745 | D:2      | Reached ** piety under Trog
  2151 | D:3      | Noticed Grinder
  2221 | D:2      | Reached skill level 1 in Shields
  2221 | D:2      | Reached XP level 4. HP: 33/40 MP: 3/3
  2270 | D:3      | Noticed Natasha
  2315 | D:2      | Killed Natasha
  2381 | D:3      | Killed Grinder
  2381 | D:3      | Reached skill level 5 in Axes
  2381 | D:3      | Reached XP level 5. HP: 47/47 MP: 2/4
  2381 | D:3      | Reached XP level 6. HP: 53/53 MP: 2/5
  2785 | D:3      | Noticed Ijyb
  2801 | D:3      | Killed Ijyb
  2891 | D:3      | Found a blossoming altar of Fedhas.
  2946 | D:3      | Found a sacrificial altar of Ru.
  3402 | D:4      | Reached skill level 6 in Axes
  3571 | D:4      | Reached XP level 7. HP: 60/60 MP: 6/6
  3573 | D:4      | Found a white marble altar of Elyvilon.
  3576 | D:4      | Found an opulent altar of Gozag.
  3576 | D:4      | Found a shimmering blue altar of Sif Muna.
  3576 | D:4      | Found a sacrificial altar of Ru.
  4406 | D:5      | Entered Level 5 of the Dungeon
  4475 | D:5      | Found a hide-covered altar of Uskayaw.
  4476 | D:5      | Noticed Blork the orc
  4490 | D:5      | Killed Blork the orc
  4561 | D:5      | Reached skill level 1 in Throwing
  4577 | D:5      | Reached skill level 7 in Axes
  4722 | D:5      | Reached skill level 5 in Armour
  4856 | D:5      | Found a sparkling altar of Nemelex Xobeh.
  4941 | D:5      | Reached *** piety under Trog
  4941 | D:5      | Reached XP level 8. HP: 67/67 MP: 7/7
  5232 | D:5      | Reached skill level 5 in Shields
  5564 | D:5      | Gained mutation: Your magical capacity is low. (-10% MP)
                  | [potion of mutation]
  5564 | D:5      | Gained mutation: Your muscles are strong. (Str +2) [potion
                  | of mutation]
  5564 | D:5      | Gained mutation: You are resistant to electric shocks.
                  | (rElec) [potion of mutation]
  5751 | D:6      | Reached skill level 8 in Axes
  5779 | D:6      | Reached skill level 5 in Fighting
  5945 | D:6      | Found a staircase to the Ecumenical Temple.
  6404 | D:7      | Noticed Harold
  6419 | D:7      | Killed Harold
  6419 | D:7      | Reached skill level 9 in Axes
  6419 | D:7      | Reached XP level 9. HP: 63/74 MP: 2/7
  6674 | D:7      | Noticed Dowan
  6675 | D:7      | Noticed Duvessa
  6684 | D:7      | Killed Dowan
  6687 | D:7      | Killed Duvessa
  6695 | D:7      | Reached skill level 1 in Stealth
  6709 | D:7      | Found a sand-covered staircase.
  6728 | Ossuary  | Entered an ossuary
  7002 | D:7      | Reached **** piety under Trog
  7036 | D:7      | Noticed a gargoyle
  7037 | D:7      | Found a glowing golden altar of the Shining One.
  7046 | D:7      | Killed a gargoyle
  7046 | D:7      | Reached skill level 5 in Throwing
  7288 | D:7      | Found a basalt altar of Yredelemnul.
  7838 | D:8      | Reached skill level 1 in Evocations
  7886 | D:8      | Found an ancient bone altar of Kikubaaqudgha.
  7909 | D:8      | Reached XP level 10. HP: 66/84 MP: 5/8
  8047 | D:8      | Found an iron altar of Okawaru.
  8316 | D:9      | Found a staircase to the Lair.
  8382 | D:9      | Noticed a two-headed ogre
  8413 | D:9      | Killed a two-headed ogre
  8413 | D:9      | Reached skill level 10 in Axes
  8755 | D:9      | Found a shimmering altar of Xom.
  8804 | D:9      | Noticed a centaur warrior
  8818 | D:9      | Killed a centaur warrior
  8898 | D:9      | Reached skill level 5 in Dodging
  9240 | D:9      | Found a bloodstained altar of Trog.
  9413 | D:10     | Entered Level 10 of the Dungeon
  9439 | D:10     | Reached skill level 11 in Axes
  9807 | D:10     | Noticed a two-headed ogre
  9813 | D:10     | Killed a two-headed ogre
  9813 | D:10     | Reached XP level 11. HP: 65/95 MP: 7/10
  9840 | D:10     | Found a staircase to the Orcish Mines.
 10490 | D:11     | Noticed a soul eater
 10654 | D:11     | Noticed a green ugly thing
 10663 | D:11     | Killed a green ugly thing
 10882 | D:11     | Reached ***** piety under Trog
 11873 | Lair:1   | Entered Level 1 of the Lair of Beasts
 12000 | Lair:1   | Found a hazy altar of Hepliaklqana.
 12034 | Lair:1   | Reached skill level 12 in Axes
 12049 | Lair:1   | Noticed a six-headed hydra
 12398 | D:9      | Killed a ten-headed hydra
 12719 | Lair:1   | Reached skill level 10 in Fighting
 13111 | Lair:2   | Reached XP level 12. HP: 86/106 MP: 10/12
 13226 | Lair:2   | Reached skill level 10 in Shields
 13312 | Lair:2   | Noticed a seven-headed hydra
 13316 | Lair:2   | Noticed a six-headed hydra
 13339 | Lair:2   | Killed a seven-headed hydra
 13340 | Lair:2   | Killed a six-headed hydra
 13517 | Lair:2   | Found a staircase to the Swamp.
 13644 | Lair:2   | Received a gift from Trog
 13645 | Lair:2   | Found the +14 obsidian axe {vorpal, +Fly SInv *Curse}
 13767 | Lair:2   | Reached skill level 10 in Armour
 13771 | Lair:2   | Reached skill level 13 in Axes
 14266 | Lair:3   | Reached skill level 5 in Evocations
 14424 | Lair:3   | You fall into a shaft and drop 2 floors!
 14424 | Lair:5   | Found an ornate altar of the Wu Jian Council.
 14476 | Lair:4   | Noticed a catoblepas
 14480 | Lair:4   | Noticed a seven-headed hydra
 14557 | Lair:4   | Found a staircase to the Snake Pit.
 14644 | Lair:4   | Noticed Nergalle
 14659 | Lair:4   | Killed Nergalle
 14666 | Lair:4   | Found a dark tunnel.
 14724 | Lair:2   | Slain by a catoblepas

Illustrated notes

Levels and vault maps discovered:
D:1:      mainiacjoe_arrival_reflecting_pool, layout_basic, serial_curves,
          eino_curves_01, eino_curves_04, solitary_fountain,
          minmay_misc_feat_more_columns, hangedman_decor_points
D:2:      layout_basic
D:3:      kennysheep_goblin_castle, layout_rooms, fedhas_altar_2, first_ration,
          nicolae_ru_the_path_less_chosen, uniq_grinder, uniq_natasha
D:4:      kennysheep_the_goblin_king, layout_basic, grunt_temple_overflow_open,
          kennysheep_pointless_box
D:5:      layout_loops_cross, eat_drink_and_be_merry_uskayaw, basic_altar,
          uniq_blork_the_orc
D:6:      layout_loops_ring, minmay_temple_entry_slanted
D:7:      layout_loops_ring, lemuel_zombie_altar_yredelemnul,
          nicolae_tso_carved_into_rock, enter_ossuary_4, eino_jars, uniq_harold,
          uniq_duvessa
D:8:      layout_rooms, old_standard_altar, kiku_gazebo_pond_becter,
          serial_corexii_hall, corexii_hall_statues_deadend,
          corexii_hall_statues_i
D:9:      layout_basic, kennysheep_mini_moat, serial_glass, glass_columns_a,
          glass_columns_a, grunt_livestock, minmay_misc_feat_secret_circle,
          trog_book
D:10:     layout_cave_pools, eino_small_chamber_without_monster,
          hangedman_decor_peaks_small
D:11:     layout_cave_pods
Lair:1:   layout_misc_corridors, basic_altar, beast_lair_carwin_10
Lair:2:   beast_lair_carwin_large_1, layout_loops_ring,
          skrybe_swamp_entry_bodies, guppyfry_lair_drakes
Lair:3:   layout_chaotic_city, uniq_gastronok
Lair:4:   layout_cave_pods, minmay_snake_entry_six_corridors,
          nicolae_volcano_entry_hallway, uniq_nergalle
Lair:5:   layout_cave_pods, slime_dummy, basic_altar,
          chequers_serial_rivers_room_a

Skill      XL: |  1  2  3  4  5  6  7  8  9 10 11 12 |
---------------+-------------------------------------+-----
Axes           | 4 5 6 7 9 11 12 13 | 13.4
Fighting       | 4 5 6 8 10 11 | 11.5
Armour         | 3 4 5 7 8 9 10 | 10.3
Shields        | 1 3 4 7 8 9 10 | 10.6
Dodging        | 3 4 5 6 7 |  7.5
Throwing       | 2 4 5 |  5.1
Stealth        | 1 |  1.2
Evocations     | 1 3 4 5 |  5.0

Action                   |  1- 3 |  4- 6 |  7- 9 | 10-12 || total
-------------------------+-------+-------+-------+-------++-------
Melee: Hand axe          |    81 |   115 |   278 |   458 ||   932
       Headbutt          |    15 |    20 |    63 |   109 ||   207
Throw: Stone             |       |    16 |     7 |    36 ||    59
       Boomerang         |       |       |    96 |   167 ||   263
Invok: Berserk           |     1 |     1 |     4 |     8 ||    14
       Trog's Hand       |       |     2 |     7 |     5 ||    14
       Brothers in Arms  |       |       |       |     2 ||     2
Evoke: Wand              |       |       |       |    16 ||    16
       Phantom mirror    |       |       |       |     1 ||     1
  Use: Scroll            |     3 |       |     4 |    20 ||    27
       Potion            |       |     3 |     4 |     7 ||    14
  Eat: Chunk             |     5 |     6 |    13 |    20 ||    44
       Ration            |       |       |     2 |     3 ||     5
Armor: Chain mail        |    35 |    58 |    58 |       ||   151
       Scale mail        |       |       |     7 |   141 ||   148
Dodge: Dodged            |    15 |    16 |    35 |    98 ||   164
Block: Tower shield      |    42 |    93 |   161 |   325 ||   621
